 Dungeon Crawl Stone Soup version 0.30-a0-377-g5cb311bc9f (webtiles) character file.

Game seed: 1332032953563497872

228 tio the Grave Robber (level 5, -1/31 HPs)
             Began as a Vampire Necromancer on Nov 28, 2022.
             Was an Initiate of Yredelemnul.
             Slain by Dowan
             ... wielding a +0 dagger
              (3 damage)
             ... on level 5 of the Dungeon.
             The game lasted 00:35:19 (3343 turns).

tio the Grave Robber (Vampire Necromancer)          Turns: 3343, Time: 00:35:20

Health: -1/31      AC:  3    Str:  7    XL:     5   Next: 70%
Magic:  11/11      EV: 12    Int: 19    God:    Yredelemnul [......]
Gold:   199        SH:  0    Dex: 15    Spells: 11/12 levels left

rFire   . . .      SeeInvis +    k - +0 mace (venom)
rCold   . . .      Faith    .    (no shield)
rNeg    . . .      Spirit   .    a - +0 robe
rPois   .          Reflect  .    (no helmet)
rElec   .          Harm     .    (no cloak)
rCorr   .          Rampage  .    (no gloves)
Will    .....                    r - +0 pair of boots
Stlth   ++........               c - amulet of magic regeneration
HPRegen 0.45/turn                y - ring of see invisible
MPRegen 0.52/turn                (no ring)

@: on berserk cooldown, attractive, healing quickly, slowed, very slow
A: reduced essence, alive, fangs 3, see invisible, vampiric 2
a: Exsanguinate, Renounce Religion, Recall Undead Harvest


You were on level 5 of the Dungeon.
You worshipped Yredelemnul.
Yredelemnul was noncommittal.
You visited 2 branches of the dungeon, and saw 6 of its levels.

You collected 254 gold pieces.
You spent 55 gold pieces at shops.

Inventory:

Hand Weapons
 k - a +0 mace of venom (weapon)
 s - the +8 whip "Snakebite" {venom, curare, rPois}
   (You found it on level 3 of the Dungeon)

   It poisons the flesh of those it strikes.
   It occasionally inflicts asphyxiating poison on those it strikes, dealing
   poison damage and causing slowness.
   rPois:     It protects you from poison.
 w - a +0 quarterstaff
Missiles
 u - 8 atropa-tipped darts (quivered)
 x - 3 boomerangs
Armour
 a - a +0 robe (worn)
 r - a +0 pair of boots (worn)
Jewellery
 c - an amulet of magic regeneration (around neck)
 y - a ring of see invisible (left hand)
Scrolls
 h - a scroll of magic mapping {unknown}
 i - a scroll of vulnerability
 j - a scroll of enchant armour {unknown}
 l - a scroll of butterflies
 m - a scroll of teleportation {unknown}
 p - a scroll of amnesia {unknown}
 q - a scroll of blinking {unknown}
 t - a scroll of identify
Potions
 b - 2 potions of magic
 d - 4 potions of curing {unknown}
 e - 2 potions of mutation {unknown}
 f - 4 potions of heal wounds {unknown}
 g - a potion of might {unknown}
 n - a potion of berserk rage


   Skills:
 + Level 0.1 Maces & Flails
 + Level 2.5 Dodging
 + Level 3.0 Stealth
 + Level 4.0 Spellcasting
 + Level 6.2 Necromancy


You had 11 spell levels left.
You knew the following spells:

 Your Spells              Type           Power      Damage    Failure   Level
a - Necrotise             Necr           100%       1d9       1%          1

Your spell library contained the following spells:

 Spells                   Type           Power      Damage    Failure   Level
 Vampiric Draining        Necr           27%        2d7       3%          3
 Agony                    Necr           27%        N/A       30%         5
 Anguish                  Hex/Necr       7%         N/A       36%         4
 Gell's Gravitas          Tloc           3%         N/A       38%         3
 Ozocubu's Armour         Ice            3%         N/A       38%         3
 Teleport Other           Tloc           3%         N/A       38%         3
 Flame Wave               Conj/Fire      3%         2d5       80%         4
 Dispersal                Tloc           1%         N/A       100%        6
 Haunt                    Necr/Summ      7%         N/A       100%        7
 Ozocubu's Refrigeration  Ice            1%         4d7       100%        7
 Animate Dead             Necr           Unusable   N/A       N/A         4

Dungeon Overview and Level Annotations

Branches:
Dungeon (5/15)             Temple (1/1) D:4

Altars:
Ashenzari
Fedhas
Hepliaklqana
Kikubaaqudgha
Trog
Uskayaw
Vehumet
Wu Jian
Yredelemnul

Shops:
D:1 (   D:5 [

Annotations:
D:5 Dowan


Innate Abilities, Weirdness & Mutations

Your life essence is reduced to manifest your ancestor. (-10% HP)
Your natural rate of healing is accelerated.
You have razor-sharp teeth.
You have supernaturally acute eyesight. (SInv)
You are afflicted with vampirism and can become a bat while bloodless.


Message History

You hit Duvessa but do no damage.
Duvessa is severely wounded.
Duvessa hits you with a +0 short sword!
* * * LOW HITPOINT WARNING * * *
Duvessa closely misses you.
Read: 2 scrolls of butterflies
Press: ? - help, Q - select action, (/) - cycle Dir - look around, f - activate
As you read the scroll of butterflies, it crumbles to dust.
You hear the tinkle of a tiny bell.
Duvessa hits you with a +0 short sword.
* * * LOW HITPOINT WARNING * * *
Dowan hits your butterfly with a +0 dagger.
Your butterfly dies!
Your butterfly disappears in a burst of colours!
You swap places.
You kill Duvessa!
Dowan seems overcome with grief.
Dowan seems to find hidden reserves of power!
Dowan misses your butterfly.
It was a potion of berserk rage.
A red film seems to cover your vision as you go berserk!
You feel yourself moving faster!
You feel mighty!
You feel a strong urge to attack something.
You swap places.
Dowan barely misses you.
You barely miss Dowan. Dowan barely misses you.
Dowan hits you but does no damage.
You closely miss Dowan. Dowan hits you with a +0 dagger.
* * * LOW HITPOINT WARNING * * *
You swap places.
Dowan casts a spell.
Dowan blinks!
You feel a strong urge to attack something.
You are no longer berserk.
You are exhausted.
You feel yourself slow down.
It was a potion of attraction.
You feel attractive to monsters. Dowan hits you with a +0 dagger.
You die...
Yredelemnul claims you as an undead slave.

.....# #.# #.. .b..# #.#
#.# ..b #.# #.# #)# #.#
#.# #b# #.# #.# # #§#
#.####.#.#
...#####b####......#.#
#.......b........##.###
#####.@..b.b...........
#..eb.b..<......)...
....[..b.b............
####...b.b[b....)......
########.......).)......
##......##...............
##...##...##.........#####
##...##~##..##.#.....##
#⌠..#### ##....#######


You could see Dowan (fast, ally target).

Vanquished Creatures
  Duvessa (D:5)
  A bullfrog (D:4)
  A necrophage (D:4)
  A hound (D:4)
  Jessica (D:3)
  An iguana (D:4)
  5 adders
  3 worms
  3 dart slugs
  4 orcs
  7 endoplasms
  4 giant cockroaches
  8 goblins
  6 hobgoblins
  7 kobolds
  2 quokkas
  2 ball pythons
  5 bats
  3 frilled lizards
  5 rats
70 creatures vanquished.

Vanquished Creatures (collateral kills)
  A rat (D:1)
1 creature vanquished.

Vanquished Creatures (others)
  A kobold zombie (D:4)
1 creature vanquished.

Grand Total: 72 creatures vanquished

Notes
Turn   | Place    | Note
-------+----------+-------------------------------------------
     0 | D:1      | tio the Vampire Necromancer began the quest for the Orb.
     0 | D:1      | Reached XP level 1. HP: 13/13 MP: 3/3
   283 | D:1      | Reached XP level 2. HP: 19/19 MP: 3/5
   287 | D:1      | Found Vunkodao's Antique Weapon Boutique.
   651 | D:1      | Bought a whip for 55 gold pieces
   742 | D:2      | Reached skill level 5 in Necromancy
   811 | D:2      | Gained mutation: You are afflicted with vampirism and can
                  | become a bat while bloodless. [Vampire growth]
   811 | D:2      | Reached XP level 3. HP: 21/24 MP: 1/7
  1100 | D:2      | Got Ereshkigal's Omnibus of Twisted Battling
  1825 | D:3      | Reached XP level 4. HP: 30/30 MP: 6/8
  2044 | D:3      | Found the +8 whip "Snakebite" {venom, curare, rPois}
  2171 | D:3      | Noticed Jessica
  2175 | D:3      | Killed Jessica
  2542 | D:4      | Noticed a bullfrog
  2551 | D:4      | Killed a bullfrog
  2552 | D:4      | Reached skill level 6 in Necromancy
  2552 | D:4      | Reached XP level 5. HP: 26/35 MP: 6/10
  2654 | D:4      | Found a staircase to the Ecumenical Temple.
  2675 | Temple   | Entered the Ecumenical Temple
  3008 | Temple   | Became a worshipper of Yredelemnul the Dark
  3022 | Temple   | Fell from the grace of Yredelemnul
  3022 | Temple   | Became a worshipper of Hepliaklqana the Forgotten
  3036 | Temple   | Fell from the grace of Hepliaklqana
  3036 | Temple   | Became a worshipper of Yredelemnul the Dark
  3111 | D:4      | Found a bloodstained altar of Trog.
  3229 | D:4      | Reached * piety under Yredelemnul
  3240 | D:4      | You fall into a shaft and drop 1 floor!
  3240 | D:5      | Entered Level 5 of the Dungeon
  3244 | D:5      | Found Nezha's Dragon-Slaying Spoils.
  3323 | D:5      | Noticed Duvessa
  3324 | D:5      | Noticed Dowan
  3334 | D:5      | Killed Duvessa
  3340 | D:5      | HP: 2/46 [Dowan/+0 dagger (5)]
  3343 | D:5      | Slain by Dowan

Illustrated notes

Levels and vault maps discovered:
D:1:      dpeg_arrival_arbitrary_c, layout_rooms, serial_shops,
          nicolae_shop_statue_plus
D:2:      layout_basic, minivault_14, small_statue_intersection
D:3:      layout_loops_ring, uniq_jessica
D:4:      layout_rooms, lightli_temple_of_fire, minmay_temple_entry_offerings
D:5:      layout_rooms, mainiacjoe_overflow_cross_hatched,
          okawaru_ov_weapons_minmay, grunt_temple_overflow_open,
          nicolae_shop_dragon_depot, uniq_duvessa
Temple:   bh_familiar_temple

Skill      XL: |  1  2  3  4  5 |
---------------+----------------+-----
Necromancy     | 5 6 |  6.2
Spellcasting   | 3 4 |  4.0
Maces & Flails | |  0.1
Dodging        | |  2.5
Stealth        | |  3.0

Action                   |  1- 3 |  4- 6 || total
-------------------------+-------+-------++-------
Melee: Hand axe          |     4 |       ||     4
       Bite              |     1 |     3 ||     4
       Unarmed           |     1 |       ||     1
       Mace              |       |    36 ||    36
Throw: Javelin           |       |     2 ||     2
       Dart              |       |     1 ||     1
 Cast: Necrotise         |    68 |    54 ||   122
Invok: Recall Undead Har |       |     6 ||     6
  Use: Scroll            |     3 |     1 ||     4
       Potion            |       |     2 ||     2
 Stab: Distracted        |       |     1 ||     1
Armor: Robe              |     7 |     8 ||    15
Dodge: Dodged            |    13 |    26 ||    39

Table legend: (Time is in decaauts)
 A = Elapsed time spent in this place.
 B = Non-inter-level travel time spent in this place.
 C = Inter-level travel time spent in this place.
 D = Time resting spent in this place.
 E = Time spent auto-exploring this place.
 F = Levels seen in this place.
 G = Mean time per level.
                   A        B        C        D        E       F      G
               +--------+--------+--------+--------+--------+-----+--------+
         Total |   3354 |   2690 |    664 |      0 |   2148 |   6 |  559.0 |
       Dungeon |   2957 |   2584 |    373 |      0 |   2066 |   5 |  591.4 |
        Temple |    397 |    106 |    291 |      0 |     82 |   1 |  397.0 |
               +--------+--------+--------+--------+--------+-----+--------+

Top non-repeatable levels by time:
     D:2: 1100 daAuts
     D:3: 776 daAuts
     D:1: 666 daAuts
  Temple: 397 daAuts
     D:4: 309 daAuts
     D:5: 104 daAuts
